 Dungeon Crawl Stone Soup version 0.31-a0-95-g6fa058ef04 (webtiles) character file.

Game seed: 8114287938065258173

1035 IdlyInterested the Fighter (level 8, -1/68 HPs)
             Began as a Demonspawn Wanderer on May 25, 2023.
             Slain by an orc warrior
             ... wielding a +0 scimitar
              (6 damage)
             ... on level 6 of the Dungeon.
             The game lasted 00:17:19 (5901 turns).

IdlyInterested the Fighter (Demonspawn Wanderer)    Turns: 5901, Time: 00:17:20

Health: -1/68      AC:  7    Str: 15    XL:     8   Next: 3%
Magic:  11/11      EV: 12    Int: 10    God:
Gold:   6          SH:  0    Dex: 16    Spells: 7/7 levels left

rFire   . . .        p - +5 dagger
rCold   . . .        (no shield)
rNeg    . . .        y - +2 robe {Will+}
rPois   .            (no helmet)
rElec   .            J - +1 cloak
rCorr   .            (gloves unavailable)
SInv    .            c - +0 pair of boots
Will    ++...        u - amulet of the acrobat
Stlth   ++           v - +4 ring of slaying
HPRegen 0.31/turn    H - ring of willpower
MPRegen 0.24/turn

%: acrobat
@: no status effects
A: magic regeneration, demonic touch 3
a: no special abilities


You were on level 6 of the Dungeon.
You visited 1 branch of the dungeon, and saw 6 of its levels.

You collected 226 gold pieces.
You spent 220 gold pieces at shops.

Inventory:

Hand Weapons
 a - a +2 mace
 m - a +0 spear
 p - a +5 dagger (weapon)
Missiles
 f - 10 poisoned darts (quivered)
 i - 53 stones
 s - 2 boomerangs
Armour
 c - a +0 pair of boots (worn)
 e - a +0 cloak
 w - a +0 cloak
 y - a +2 robe of willpower (worn)
 A - a +3 leather armour
 J - a +1 cloak (worn)
Magical Staves
 g - a staff of conjuration
 h - a staff of earth
 E - a staff of air
Jewellery
 u - an amulet of the acrobat (around neck)
 v - a +4 ring of slaying (left hand)
 F - a ring of protection from fire
 H - a ring of willpower (right hand)
 I - a ring of fire
Wands
 d - a wand of paralysis (8)
 B - a wand of digging (3)
Scrolls
 l - a scroll of immolation {unknown}
 n - 3 scrolls of enchant armour
 o - a scroll of amnesia {unknown}
 r - 4 scrolls of blinking {unknown}
 x - 2 scrolls of vulnerability {unknown}
 C - a scroll of teleportation {unknown}
 D - a scroll of noise {unknown}
Potions
 b - 2 potions of curing
 j - 4 potions of might {unknown}
 k - a potion of haste
 q - a potion of mutation {unknown}
 t - a potion of cancellation
 G - a potion of lignification {unknown}


   Skills:
 * Level 8.0 Fighting
 - Level 2.6 Maces & Flails
 - Level 1.0 Throwing
 + Level 3.2 Armour
 - Level 1.0 Dodging
 - Level 1.0 Stealth
 - Level 1.7 Unarmed Combat
 - Level 4.0 Invocations
 - Level 1.0 Evocations


You had 7 spell levels left.
You didn't know any spells.
Your spell library contained the following spells:

 Spells                   Type           Power      Damage    Failure   Level
 Magic Dart               Conj           0%         1d3       36%         1
 Searing Ray              Conj           0%         2d4       50%         2
 Tukima's Dance           Hex            0%         N/A       75%         3
 Fulminant Prism          Conj/Hex       0%         3d5       98%         4
 Passage of Golubria      Tloc           0%         N/A       98%         4
 Yara's Violent Unravell  Hex/Tmut       0%         3d3       100%        5


Dungeon Overview and Level Annotations

Branches:
Dungeon (6/15)
 Temple: D:4-7

Altars:
Dithmenos
Qazlal
Ru
Sif Muna
Yredelemnul

Shops:
D:1 ?   D:5 (


Innate Abilities, Weirdness & Mutations

You regenerate magic rapidly.
Your touch may irresistibly damage your foes and sap their willpower.


Message History

The orc completely misses you. The orc attacks as you move away!
The orc misses you. The white imp completely misses you.
The orc warrior completely misses you. The white imp attacks as you move away!
The white imp completely misses you. The gnoll attacks as you move away!
The gnoll closely misses you.
The orc warrior attacks as you move away!
The orc warrior closely misses you.
Found 12 gold pieces.
You hit the gnoll but do no damage. Your touch misses the gnoll.
The gnoll closely misses you.
You hit the orc warrior but do no damage.
You touch the orc warrior!
You sap its willpower!
The orc warrior is heavily wounded.
The gnoll barely misses you.
You hit the orc warrior but do no damage.
You touch the orc warrior!
You sap its willpower!
The orc warrior is almost dead.
The gnoll barely misses you.
The orc warrior hits you with a +0 scimitar.
You hit the orc warrior but do no damage.
Your touch misses the orc warrior.
The orc warrior is almost dead.
The gnoll hits you with a +0 whip. The white imp barely misses you.
The gnoll hits you but does no damage.
The orc warrior hits you with a +0 scimitar!
* * * LOW HITPOINT WARNING * * *
You hit the orc warrior but do no damage.
The orc warrior is almost dead.
The gnoll hits you with a +0 whip!
* * * LOW HITPOINT WARNING * * *
The white imp barely misses you. The gnoll barely misses you.
The orc warrior barely misses you.
Unknown command.
You barely miss the orc warrior.
The orc warrior is almost dead.
The gnoll hits you with a +0 whip.
* * * LOW HITPOINT WARNING * * *
The white imp barely misses you. The gnoll closely misses you.
The orc warrior hits you with a +0 scimitar.
You die...

##.. ...>#........#
.... .##.#.....<..
..... ..#.........
..... ##...........
......#..$........
......#.. #.#...## .
.......o##
#......##... ..
###@g###...<.......
...#.##5ol.......#....
......#Yg.##....## .
.....o....###...#..#
......(.#..#.......#
........##...).....#
..............##..##
##....#.#.....# ###
#...#...#...##


You could see an orc warrior (weak-willed), a sky beast, an iguana, 2 gnolls, a
white imp and an orc.

Vanquished Creatures
  Grinder (D:5)
  Duvessa (D:4)
  2 phantoms
  Blork the orc (D:5)
  2 scorpions (D:5)
  Dowan (D:4)
  2 orc priests (D:5)
  Jessica (D:3)
  An iguana (D:5)
  A sleepcap (D:3)
  2 orc wizards (D:5)
  The ghost of Monarks the Cudgeller, a weakling OgWr (D:3)
  2 adders
  5 gnolls
  A worm (D:5)
  3 dart slugs
  7 orcs
  9 bats
  4 endoplasms
  3 giant cockroaches
  6 goblins
  12 hobgoblins
  6 kobolds
  7 quokkas
  2 frilled lizards (D:1)
  5 rats
  A spectral kobold (D:1)
89 creatures vanquished.

Notes
Turn   | Place    | Note
-------+----------+-------------------------------------------
     0 | D:1      | IdlyInterested the Demonspawn Wanderer began the quest for
                  | the Orb.
     0 | D:1      | IdlyInterested set off with the following items: a +2 mace,
                  | a potion of curing, a +0 pair of boots, a potion of
                  | invisibility, a +0 leather armour.
     0 | D:1      | Reached XP level 1. HP: 15/15 MP: 1/1
   253 | D:1      | Gained mutation: You regenerate magic rapidly. [demonic
                  | ancestry]
   253 | D:1      | Reached XP level 2. HP: 17/22 MP: 2/2
   277 | D:1      | Found Moige's Magic Scroll Shoppe.
   317 | D:1      | Reached skill level 1 in Stealth
   407 | D:1      | Reached skill level 2 in Fighting
   812 | D:1      | Gained mutation: Your touch may inflict minor irresistible
                  | damage on your foes. [demonic ancestry]
   812 | D:1      | Reached XP level 3. HP: 28/28 MP: 3/3
   943 | D:1      | Found a faded altar of an unknown god.
  1518 | D:2      | Reached skill level 1 in Throwing
  1664 | D:2      | Reached skill level 3 in Fighting
  1765 | D:2      | Reached skill level 1 in Invocations
  1765 | D:2      | Gained mutation: Your touch may inflict irresistible damage
                  | on your foes. [demonic ancestry]
  1765 | D:2      | Reached XP level 4. HP: 26/35 MP: 4/4
  2140 | D:3      | Noticed Monarks's ghost (weakling OgWr)
  2146 | D:3      | Found a shadowy altar of Dithmenos.
  2225 | D:3      | Found a basalt altar of Yredelemnul.
  2422 | D:3      | Found a runed translucent gate.
  2423 | D:3      | Found a runed translucent gate.
  2423 | D:3      | Found a runed translucent gate.
  2624 | D:3      | Found a sacrificial altar of Ru.
  2927 | D:3      | Noticed Jessica
  2939 | D:3      | Found a shimmering blue altar of Sif Muna.
  2950 | D:3      | Killed Jessica
  2951 | D:3      | Reached skill level 4 in Fighting
  3095 | D:3      | Killed Monarks's ghost
  3096 | D:3      | Reached XP level 5. HP: 42/42 MP: 6/6
  3176 | D:1      | Bought a scroll of enchant armour for 97 gold pieces
  3176 | D:1      | Bought a scroll of identify for 26 gold pieces
  3842 | D:4      | Noticed Dowan
  3843 | D:4      | Noticed Duvessa
  3851 | D:4      | Killed Duvessa
  3852 | D:4      | Reached skill level 5 in Fighting
  3852 | D:4      | Reached XP level 6. HP: 51/51 MP: 6/8
  3857 | D:4      | Killed Dowan
  4495 | D:5      | Entered Level 5 of the Dungeon
  4495 | D:5      | Noticed Grinder
  4514 | D:5      | Killed Grinder
  4515 | D:5      | Reached skill level 6 in Fighting
  4515 | D:5      | Gained mutation: Your touch may irresistibly damage your
                  | foes and sap their willpower. [demonic ancestry]
  4515 | D:5      | Reached XP level 7. HP: 24/59 MP: 8/10
  4745 | D:5      | Noticed Blork the orc
  4750 | D:5      | Killed Blork the orc
  4751 | D:5      | Reached skill level 7 in Fighting
  4869 | D:5      | Found Itabeitzia's Weapon Boutique.
  5622 | D:1      | Bought a scroll of enchant armour for 97 gold pieces
  5878 | D:6      | Found a stormy altar of Qazlal.
  5885 | D:6      | Reached skill level 8 in Fighting
  5885 | D:6      | Reached XP level 8. HP: 44/68 MP: 11/11
  5901 | D:6      | Slain by an orc warrior

Illustrated notes

Levels and vault maps discovered:
D:1:      dpeg_arrival_lava_altar, layout_basic,
          dreamdust_ecumenical_altar_drowned_temple, serial_shops, shop
D:2:      layout_rooms
D:3:      layout_loops_corners, mainiacjoe_overflow_concentric_impassable,
          tgw_sif, grunt_dithmenos_smoke, nicolae_overflow_crystal_walls,
          gammafunk_ghost_split, minmay_bisected
D:4:      layout_basic, kennysheep_generic_room_10, uniq_duvessa
D:5:      kennysheep_spiral_hall, layout_rooms, zin_scriptorium, serial_shops,
          kennysheep_mini_moat, uniq_grinder, uniq_blork_the_orc
D:6:      layout_cave_pools, kennysheep_mini, nicolae_qazlal_beasts_of_the_sky,
          nicolae_uskayaw_murder_on_the_dancefloor, minmay_temple_entry_mist,
          nicolae_titane

Skill      XL: |  1  2  3  4  5  6  7 |
---------------+----------------------+-----
Stealth        | 1 |  1.0
Fighting       | 2 3 4 5 6 8 |  8.0
Throwing       | 1 |  1.0
Invocations    | 1 2 3 4 |  4.0
Armour         | 2 3 |  3.2
Maces & Flails | |  2.6
Dodging        | |  1.0
Unarmed Combat | |  1.7
Evocations     | |  1.0

Action                     |  1- 3 |  4- 6 |  7- 9 || total
---------------------------+-------+-------+-------++-------
  Melee: Mace              |   113 |     4 |       ||   117
         Touch             |     7 |    11 |    15 ||    33
         Dagger            |       |    70 |    62 ||   132
         Punch             |       |     1 |     1 ||     2
  Throw: Dart              |       |     5 |       ||     5
  Evoke: Wand              |       |       |     1 ||     1
    Use: Scroll            |       |     4 |       ||     4
         Potion            |       |     2 |     1 ||     3
   Stab: Sleeping          |     2 |     2 |     1 ||     5
 Armour: Leather armour    |     6 |    12 |       ||    18
         Ring mail         |    41 |     4 |       ||    45
         Robe              |       |     4 |    21 ||    25
  Dodge: Dodged            |    61 |    54 |    59 ||   174

Table legend: (Time is in decaauts)
 A = Elapsed time spent in this place.
 B = Non-inter-level travel time spent in this place.
 C = Inter-level travel time spent in this place.
 D = Time resting spent in this place.
 E = Time spent auto-exploring this place.
 F = Levels seen in this place.
 G = Mean time per level.
                   A        B        C        D        E       F      G
               +--------+--------+--------+--------+--------+-----+--------+
         Total |   5951 |   4775 |   1176 |    567 |   3012 |   6 |  991.8 |
       Dungeon |   5951 |   4775 |   1176 |    567 |   3012 |   6 |  991.8 |
               +--------+--------+--------+--------+--------+-----+--------+

Top non-repeatable levels by time:
     D:1: 1596 daAuts
     D:4: 1396 daAuts
     D:3: 1226 daAuts
     D:5: 1073 daAuts
     D:2: 632 daAuts
     D:6: 25 daAuts
